 Dungeon Crawl Stone Soup version 0.32-a0-933-ga8fa3634e4 (webtiles) character file.

Game seed: 17195305116204196031

3413 smashvw the Severer (level 9, -1/71 HPs)
             Began as a Mountain Dwarf Fighter on Apr 15, 2024.
             Was a Priest of Okawaru.
             Slain by a yak (12 damage)
             ... on level 8 of the Dungeon.
             The game lasted 00:25:16 (8338 turns).

smashvw the Severer (Mountain Dwarf Fighter)        Turns: 8338, Time: 00:25:16

Health: -1/71      AC: 15    Str: 20 (23) XL:     9   Next: 76%
Magic:  7/9        EV:  8    Int:  9      God:    Okawaru [***...]
Gold:   469        SH:  6    Dex:  9      Spells: 8/8 levels left

rFire   + . .        a - +0 war axe
rCold   + . .        c - +0 buckler
rNeg    . . .        F - +0 chain mail
rPois   .            k - +0 helmet
rElec   .            J - scarf {rC+ rF+}
rCorr   .            D - +0 pair of gloves
SInv    .            h - +0 pair of boots
Will    .....        (no amulet) Stlth
                     (no ring)
HPRegen 0.31/turn    (no ring)
MPRegen 0.11/turn

%: no passive effects
@: heroic
A: runic magic, artefact enchanting
a: Renounce Religion, Heroism


You were on level 8 of the Dungeon.
You worshipped Okawaru.
Okawaru was most pleased with you.
You visited 2 branches of the dungeon, and saw 10 of its levels.

You collected 514 gold pieces.
You spent 45 gold pieces at shops.

Inventory:

Hand Weapons
 a - a +0 war axe (weapon)
 C - the +7 whip "Grum" {distort, Str+2 Dex+4}
   (You found it on level 5 of the Dungeon)

   Str+2:     It affects your strength (+2).
   Dex+4:     It affects your dexterity (+4).
Missiles
 d - 14 poisoned darts (quivered)
 H - 2 throwing nets
 K - 5 atropa-tipped darts
Armour
 c - a +0 buckler (worn)
 h - a +0 pair of boots (worn)
 k - a +0 helmet (worn)
 D - a +0 pair of gloves (worn)
 F - a +0 chain mail (worn)
 G - a +0 kite shield
 J - a scarf of resistance (worn)
 N - a +0 cloak
Jewellery
 u - a ring of resist corrosion
 O - a ring of protection from cold
Wands
 b - a wand of warping (4)
 I - a wand of flame (8)
Scrolls
 f - a scroll of identify
 i - 3 scrolls of fog
 n - a scroll of torment
 o - a scroll of blinking
 p - 2 scrolls of enchant armour
 q - a scroll of silence
 r - 2 scrolls of immolation
 s - a scroll of teleportation
 t - a scroll of fear
 w - a scroll of revelation
 x - a scroll of noise
 y - a scroll of enchant weapon {unknown}
 B - a scroll of vulnerability
Potions
 e - a potion of enlightenment
 g - 4 potions of curing
 j - a potion of lignification
 l - a potion of ambrosia
 m - 2 potions of degeneration
 v - a potion of magic
 z - a potion of mutation
 A - a potion of haste
 E - a potion of heal wounds
 L - a potion of attraction
 M - a potion of cancellation


   Skills:
 - Level 4.0(9.0) Fighting
 + Level 15.2(20.2) Axes
 - Level 4.0(9.0) Armour
 - Level 6.0(11.0) Shields


You had 8 spell levels left.
You didn't know any spells.
Your spell library contained the following spells:

 Spells                   Type           Power      Damage    Failure   Level
 Apportation              Tloc           0%         N/A       58%         1
 Magic Dart               Conj           0%         1d3       58%         1
 Necrotise                Necr           0%         1d4       58%         1
 Slow                     Hex            0%         N/A       58%         1
 Sting                    Conj/Alch      0%         1d3       58%         1
 Blink                    Tloc           0%         N/A       73%         2
 Confusing Touch          Hex            0%         N/A       91%         3
 Sigil of Binding         Hex            0%         N/A       91%         3
 Vampiric Draining        Necr           0%         2d6       91%         3
 Dimensional Bullseye     Hex/Tloc       0%         N/A       100%        4
 Passage of Golubria      Tloc           0%         N/A       100%        4
 Silence                  Hex/Air        0%         N/A       100%        5
 Lehudib's Crystal Spear  Conj/Erth      0%         10d2      100%        8
 Summon Small Mammal      Summ           Unusable   N/A       N/A         1
 Call Imp                 Summ           Unusable   N/A       N/A         2
 Call Canine Familiar     Summ           Unusable   N/A       N/A         3

Dungeon Overview and Level Annotations

Branches:
Dungeon (9/15)             Temple (1/1) D:5
   Lair: D:8-11         Orc: D:9-12

Altars:
Ashenzari
Cheibriados
Dithmenos
Fedhas
Gozag
Hepliaklqana
Kikubaaqudgha
Makhleb
Nemelex Xobeh
Okawaru
Qazlal
Ru
Sif Muna
Trog
Uskayaw
Vehumet
Wu Jian
Xom
Yredelemnul
Zin
The Shining One

Shops:
D:3 *   D:4 (   D:6 !   D:8 ?[

Annotations:
D:4 1 runed translucent door, Crazy Yiuf


Innate Abilities, Weirdness & Mutations

Your spellcasting is much less encumbered by armour.
You can use scrolls of enchantment on lesser artefacts.


Message History

You hit the yak. The yak gores you but does no damage.
You hit the yak.
The yak is heavily wounded.
You barely miss the yak. You slash the yak!
The yak is severely wounded.
You hit the yak but do no damage.
The yak gores you but does no damage. x2
You barely miss the yak.
The yak is severely wounded.
You slash the yak! You hit the yak but do no damage. The yak gores you!
The yak gores you. The yak gores you! The yak attacks as it pursues you!
The yak gores you. The yak barely misses you.
The yak attacks as it pursues you! The yak closely misses you.
Okay, then.
You gain the combat prowess of a mighty hero.
The yak barely misses you. x2
You hit the yak.
The yak is lightly wounded.
You hit the yak. You hit the yak but do no damage. The yak gores you! x2
You barely miss the yak.
The yak is lightly wounded.
You barely miss the yak. You closely miss the yak.
The yak gores you but does no damage. You block the yak's attack. x2
You completely miss the yak.
The yak is lightly wounded.
You slash the yak! You hit the yak. You block the yak's attack.
You slash the yak!
The yak is moderately wounded.
You closely miss the yak. You barely miss the yak. The yak gores you.
The yak barely misses you. x2
You barely miss the yak.
The yak is moderately wounded.
You hit the yak. You closely miss the yak. The yak closely misses you.
The yak gores you!
* * * LOW HITPOINT WARNING * * *
You barely miss the yak.
The yak is almost dead.
You hit the yak. You slash the yak! The yak gores you!
You die...

#######
#####.....############
#...#.....#...........
#...#.....#...........
#...#.....'...........
#...#.....###...##....
#...#....YY.###'#
.##### #>..#....Y@.#
... #....
#...#.......# .....
#.... #...#.......#
...... #....
##'##.......######...
##...
#...#######.....#####
#...
#.........#.....'..
#...
#.........#.....#..
#... #.........#.....#
#... #.........'.....#
#...


You could see 3 yaks.

Vanquished Creatures
  Maurice (D:8)
  Jeremiah (D:8)
  2 wyverns (D:7)
  A yak (D:7)
  An acid dragon (D:8)
  An orc warrior (D:7)
  A black bear (D:7)
  An ogre (D:7)
  4 centaurs
  2 phantoms
  4 bullfrogs
  4 scorpions
  3 gnoll sergeants
  A killer bee (D:7)
  3 orc priests
  A bombardier beetle (D:4)
  A gnoll bouda (D:7)
  5 hounds
  2 iguanas
  5 orc wizards
  16 gnolls
  6 adders
  A shadow imp (D:6)
  A white imp (D:6)
  3 dart slugs
  A ribbon worm (D:5)
  22 orcs
  4 bats
  4 endoplasms
  3 giant cockroaches
  7 goblins
  9 hobgoblins
  6 jackals
  5 kobolds
  A quokka (D:4)
  7 ball pythons
  3 frilled lizards
  2 rats
145 creatures vanquished.

Notes
Turn   | Place    | Note
-------+----------+-------------------------------------------
     0 | D:1      | smashvw the Mountain Dwarf Fighter began the quest for the
                  | Orb.
     0 | D:1      | Reached XP level 1. HP: 19/19 MP: 1/1
    13 | D:1      | Noticed an electric eel
    90 | D:1      | Found a faded altar of an unknown god.
   139 | D:1      | Reached XP level 2. HP: 17/26 MP: 2/2
   933 | D:2      | Reached skill level 3 in Axes
   941 | D:2      | Reached XP level 3. HP: 33/33 MP: 3/3
  1559 | D:3      | Reached XP level 4. HP: 40/40 MP: 4/4
  1908 | D:3      | Found a shadowy altar of Dithmenos.
  2070 | D:3      | Found Weahom's Assorted Antiques.
  2310 | D:4      | Noticed a scorpion
  2314 | D:4      | Reached skill level 4 in Axes
  2314 | D:4      | Reached XP level 5. HP: 45/46 MP: 5/5
  2480 | D:4      | Reached skill level 5 in Shields
  2621 | D:4      | Noticed a centaur
  2630 | D:4      | Killed a centaur
  2631 | D:4      | Reached skill level 5 in Axes
  2631 | D:4      | Reached XP level 6. HP: 47/52 MP: 6/6
  3124 | D:4      | Found a runed translucent door.
  3125 | D:4      | Noticed Crazy Yiuf
  3227 | D:4      | Reached skill level 6 in Axes
  3259 | D:4      | Found Dolaut's Weapon Boutique.
  3584 | D:5      | Entered Level 5 of the Dungeon
  3601 | D:5      | Found a staircase to the Ecumenical Temple.
  3617 | D:5      | Identified the +7 whip "Grum" {distort, Str+2 Dex+4}
  3632 | Temple   | Found a transporter.
  3632 | Temple   | Found a transporter.
  3632 | Temple   | Found a transporter.
  3632 | Temple   | Found a transporter.
  3632 | Temple   | Entered the Ecumenical Temple
  3648 | Temple   | Became a worshipper of Warmaster Okawaru
  3682 | D:5      | Reached XP level 7. HP: 59/59 MP: 7/7
  4041 | D:5      | Reached skill level 7 in Axes
  4254 | D:5      | Reached skill level 8 in Axes
  4599 | D:6      | Reached skill level 9 in Axes
  4822 | D:5      | Reached * piety under Okawaru
  4828 | D:5      | Reached XP level 8. HP: 31/66 MP: 8/8
  5083 | D:6      | Found Jiaddahi's Distillery.
  5320 | D:5      | Reached skill level 10 in Axes
  5761 | D:6      | Found a burning altar of Makhleb.
  5761 | D:6      | Noticed a balrug
  5764 | D:6      | Noticed an orange demon
  5888 | D:6      | Found an ornate altar of the Wu Jian Council.
  5929 | D:7      | Reached skill level 11 in Axes
  6073 | D:7      | Reached ** piety under Okawaru
  6290 | D:7      | Reached skill level 12 in Axes
  6663 | D:7      | Found a glowing golden altar of the Shining One.
  6753 | D:7      | Reached XP level 9. HP: 60/71 MP: 9/9
  6764 | D:7      | Reached skill level 13 in Axes
  7044 | D:8      | Noticed Maurice
  7074 | D:8      | Found Cheibriados's Comfort Zone.
  7075 | D:8      | Found a snail-covered altar of Cheibriados.
  7630 | D:8      | Reached skill level 14 in Axes
  7679 | D:8      | Noticed Jeremiah
  7725 | D:8      | Killed Jeremiah
  7725 | D:8      | Reached *** piety under Okawaru
  7959 | D:8      | Found Siqaumaloc's Magic Scroll Shoppe.
  7965 | D:8      | Bought a scroll of teleportation for 45 gold pieces
  8177 | D:8      | Something stole the +7 whip "Grum" {distort, Str+2 Dex+4}
  8177 | D:8      | Something stole 2 throwing nets
  8186 | D:8      | Something stole a +0 kite shield
  8191 | D:8      | Killed Maurice
  8192 | D:8      | Reached skill level 15 in Axes
  8338 | D:8      | Slain by a yak

Illustrated notes

Levels and vault maps discovered:
D:1:      arrival_aquarium_a, layout_basic,
          hellmonk_ecumenical_altar_heavens_door, minmay_gold_behind_fungi,
          minmay_misc_feat_pillars, minivault_19
D:2:      layout_rooms
D:3:      layout_loops_corners, mainiacjoe_overflow_cross_hatched, serial_shops,
          nicolae_shop_overgrown_old_shop, grunt_ministairs_1
D:4:      minmay_spotlight, layout_rooms, serial_shops, shop,
          uniq_crazy_yiuf_cottage
D:5:      layout_loops_ring, minmay_temple_entry_arrows
D:6:      layout_basic, nicolae_wu_jian_immortal_techniques,
          makhleb_altar_promises_db, serial_shops, shop
D:7:      layout_basic, tso_oasis_becter, chequers_garden
D:8:      minmay_recursive_quarters, layout_gridville, serial_shops,
          nicolae_shop_just_a_little_nook, minmay_tree_intersection,
          minmay_shop_chei, uniq_maurice, uniq_jeremiah
D:9:      layout_basic, david_orc_5, minmay_fractal_squares_5
Temple:   hellmonk_temple_divided_pantheon

Skill      XL: |  1  2  3  4  5  6  7  8  9 |
---------------+----------------------------+-----
Axes           | 3 4 5 6 9 12 15 | 15.2
Armour         | 4 |  4.0
Shields        | 4 5 6 |  6.0
Fighting       | 4 |  4.0

Action                     |  1- 3 |  4- 6 |  7- 9 || total
---------------------------+-------+-------+-------++-------
  Melee: War axe           |   117 |   150 |   411 ||   678
 Invoke: Heroism           |       |       |     2 ||     2
    Use: Potion            |       |     3 |     3 ||     6
         Scroll            |       |       |    18 ||    18
 Armour: Scale mail        |   109 |   151 |       ||   260
         Chain mail        |       |       |   440 ||   440
         Skin              |       |       |     4 ||     4
  Dodge: Dodged            |    67 |    76 |   149 ||   292
  Block: Buckler           |    31 |    37 |   101 ||   169

Table legend: (Time is in decaauts)
 A = Elapsed time spent in this place.
 B = Non-inter-level travel time spent in this place.
 C = Inter-level travel time spent in this place.
 D = Time resting spent in this place.
 E = Time spent auto-exploring this place.
 F = Levels seen in this place.
 G = Mean time per level.
                   A        B        C        D        E       F      G
               +--------+--------+--------+--------+--------+-----+--------+
         Total |   8418 |   7939 |    479 |    801 |   5584 |  10 |  841.8 |
       Dungeon |   8389 |   7917 |    472 |    801 |   5584 |   9 |  932.1 |
        Temple |     28 |     21 |      7 |      0 |      0 |   1 |   28.0 |
               +--------+--------+--------+--------+--------+-----+--------+

Top non-repeatable levels by time:
     D:7: 1521 daAuts
     D:4: 1330 daAuts
     D:6: 1206 daAuts
     D:5: 1041 daAuts
     D:3: 1023 daAuts
     D:1: 943 daAuts
     D:8: 808 daAuts
     D:2: 510 daAuts
  Temple: 28 daAuts
     D:9: 3 daAuts
